 Dungeon Crawl Stone Soup version 0.32-a0-42-ga30500b4d3 (webtiles) character file.

Game seed: 4939996770172319690

608 whatisthis the Slasher (level 7, -2/56 HPs)
             Began as a Gnoll Reaver on Feb 1, 2024.
             Was an Initiate of Okawaru.
             Killed by divine providence
             ... invoked by an orc priest
              (10 damage)
             ... on level 4 of the Dungeon.
             The game lasted 00:08:34 (3502 turns).

whatisthis the Slasher (Gnoll Reaver)               Turns: 3502, Time: 00:08:35

Health: -2/56      AC:  8    Str: 11    XL:     7   Next: 43%
Magic:  15/15      EV: 13    Int: 13    God:    Okawaru [......]
Gold:   183        SH:  5    Dex: 17    Spells: 16/17 levels left

rFire   + . .        s - +2 whip of Vaoz {spect, rElec rF+ Will- Dex+5}
rCold   . . .        x - +0 buckler
rNeg    . . .        b - +0 leather armour
rPois   .            u - +0 helmet
rElec   +            p - +2 cloak
rCorr   .            (no gloves)
SInv    +            m - +0 pair of boots
Will    .....        (no amulet)
Stlth   ++           e - ring of see invisible
HPRegen 0.29/turn    (no ring)
MPRegen 0.14/turn

%: no passive effects
@: no status effects
A: fangs 1, strong nose, distributed training
a: Renounce Religion


You were on level 4 of the Dungeon.
You worshipped Okawaru.
Okawaru was noncommittal.
You visited 2 branches of the dungeon, and saw 5 of its levels.
You also visited: Sewer.

You collected 183 gold pieces.

Inventory:

Hand Weapons
 a - a +0 falchion
 s - the +2 whip of Vaoz (weapon) {spect, rElec rF+ Will- Dex+5}
   (You found it on level 2 of the Dungeon)

   Dex+5:     It affects your dexterity (+5).
   rF+:       It protects you from fire.
   rElec:     It insulates you from electricity.
   Will-:     It decreases your willpower.
Missiles
 v - 11 poisoned darts (quivered)
Armour
 b - a +0 leather armour (worn)
 m - a +0 pair of boots (worn)
 p - a +2 cloak (worn)
 u - a +0 helmet (worn)
 x - a +0 buckler (worn)
 A - a scarf of resistance
Jewellery
 e - a ring of see invisible (left hand)
Wands
 C - a wand of mindburst (5)
Scrolls
 c - 2 scrolls of teleportation {unknown}
 f - 2 scrolls of noise {unknown}
 g - a scroll of enchant armour {unknown}
 h - a scroll of amnesia {unknown}
 k - 4 scrolls of enchant weapon {unknown}
 o - 2 scrolls of vulnerability {unknown}
 q - 2 scrolls of blinking
 r - 4 scrolls of immolation {unknown}
 t - 2 scrolls of identify {unknown}
 w - a scroll of fog {unknown}
 y - 2 scrolls of fear {unknown}
Potions
 d - 5 potions of curing {unknown}
 i - a potion of cancellation {unknown}
 j - a potion of mutation {unknown}
 l - a potion of degeneration {unknown}
 n - a potion of heal wounds {unknown}
 z - 2 potions of haste {unknown}
 B - a potion of brilliance {unknown}


   Skills:
 + Level 5.3 Fighting
 + Level 2.6 Short Blades
 + Level 7.1 Long Blades
 + Level 2.6 Axes
 + Level 2.6 Maces & Flails
 + Level 2.6 Polearms
 + Level 2.6 Staves
 + Level 2.6 Ranged Weapons
 + Level 2.6 Throwing
 + Level 2.6 Armour
 + Level 5.3 Dodging
 + Level 2.6 Stealth
 + Level 2.6 Shields
 + Level 2.6 Unarmed Combat
 + Level 5.6 Spellcasting
 + Level 5.9 Conjurations
 + Level 2.1 Hexes
 + Level 2.1 Summonings
 + Level 2.1 Necromancy
 + Level 2.1 Translocations
 + Level 2.1 Fire Magic
 + Level 2.1 Ice Magic
 + Level 2.1 Air Magic
 + Level 2.1 Earth Magic
 + Level 2.1 Alchemy
 + Level 2.9 Invocations
 + Level 2.6 Evocations
 + Level 2.3 Shapeshifting


You had 16 spell levels left.
You knew the following spells:

 Your Spells              Type           Power      Damage    Failure   Level
a - Kiss of Death         Conj/Necr      56%        2d9       6%          1

Your spell library contained the following spells:

 Spells                   Type           Power      Damage    Failure   Level
 Momentum Strike          Conj/Tloc      28%        3d8       10%         2
 Hailstorm                Conj/Ice       14%        3d6       19%         3
 Blink                    Tloc           18%        N/A       21%         2
 Ensorcelled Hibernation  Hex/Ice        18%        N/A       21%         2
 Lesser Beckoning         Tloc           18%        N/A       21%         2
 Passwall                 Erth           9%         N/A       38%         3
 Swiftness                Air            9%         N/A       38%         3


Dungeon Overview and Level Annotations

Branches:
Dungeon (4/15)             Temple (1/1) D:4           Sewer (visited)

Altars:
Ashenzari
Cheibriados
Dithmenos
Fedhas
Gozag
Hepliaklqana
Kikubaaqudgha
Makhleb
Nemelex Xobeh
Okawaru
Qazlal
Ru
Sif Muna
Trog
Uskayaw
Vehumet
Wu Jian
Xom
Yredelemnul
The Shining One

Shops:
D:1 (


Innate Abilities, Weirdness & Mutations

You have very sharp teeth.
Your uncanny sense of smell can sniff out nearby items.
Your experience applies equally to all skills.


Message History

The orc wizard casts a spell at you.
The orc wizard appears confused.
You hit the orc wizard.
The orc wizard is severely wounded.
The orc wizard points at you and mumbles some strange words.
The puff of flame misses the orc wizard.
The puff of flame hits you but does no damage.
You hit the orc wizard.
The orc wizard is almost dead.
The orc wizard gestures at you while chanting.
The magic dart hits the orc wizard.
The orc wizard dies!
The orc priest mumbles some strange prayers to Beogh against you.
Beogh smites you!
The orc wizard gestures at you while chanting.
The puff of flame hits you. You resist.
Things that are here:
a +0 dagger; a +0 robe; an orc corpse You barely miss the orc wizard.
You bite the orc wizard.
The orc wizard is severely wounded.
Your +2 whip of Vaoz {spect, rElec rF+ Will- Dex+5} closely misses the orc wizard.
The orc priest hits you with a +0 hand axe.
The orc wizard hits you but does no damage.
You hit the orc wizard.
You kill the orc wizard!
Okawaru accepts your kill.
Your +2 whip of Vaoz {spect, rElec rF+ Will- Dex+5} disappears.
The orc priest completely misses you. You block the orc priest's attack.
You hit the orc priest.
The orc priest is lightly wounded.
Your +2 whip of Vaoz {spect, rElec rF+ Will- Dex+5} hits the orc priest.
The orc priest calls down the wrath of Beogh upon you.
Beogh smites you!
* * * LOW HITPOINT WARNING * * *
You barely miss the orc priest.
The orc priest is heavily wounded.
Your +2 whip of Vaoz {spect, rElec rF+ Will- Dex+5} hits the orc priest.
The orc priest invokes the aid of Beogh against you.
Beogh smites you!
You die...

.#.# .# #.###.#...## #
.#.# #.. .......#.#
........$...#
.####.##o....#
............#
.....#.##### ###..#.#
#..#o######### <#
#...(@.......# .#
#.##.#######.# ##
#.##.# ##### #.##.#
....# #.##.#
###.########.##.#
#.#...........#####
###.#.#................
.....)#.####...........


You could see an orc priest and a friendly +2 whip of Vaoz {spect, rElec rF+
Will- Dex+5}.

Vanquished Creatures
  A phantom (D:3)
  2 bullfrogs (Sewer)
  A scorpion (D:4)
  Natasha (thrice) (D:2)
  An orc wizard (D:4)
  3 gnolls
  8 adders
  2 ribbon worms (D:2)
  10 dart slugs
  3 orcs (D:4)
  12 ball pythons
  2 endoplasms
  9 giant cockroaches
  7 goblins
  6 hobgoblins
  7 kobolds
  4 quokkas
  2 bats
  10 frilled lizards
  6 rats
99 creatures vanquished.

Vanquished Creatures (others)
  An orc wizard (D:4)
  An adder (Sewer)
2 creatures vanquished.

Grand Total: 101 creatures vanquished

Notes
Turn   | Place    | Note
-------+----------+-------------------------------------------
     0 | D:1      | whatisthis the Gnoll Reaver began the quest for the Orb.
     0 | D:1      | Reached XP level 1. HP: 20/20 MP: 6/6
   121 | D:1      | Reached XP level 2. HP: 26/26 MP: 7/7
   408 | D:1      | Found a faded altar of an unknown god.
   555 | D:1      | Found Yrics's Antique Weapon Shoppe.
   939 | D:2      | Noticed Natasha
   948 | D:2      | Killed Natasha
   949 | D:2      | Reached skill level 1 in Short Blades
   949 | D:2      | Reached skill level 1 in Axes
   949 | D:2      | Reached skill level 1 in Maces & Flails
   949 | D:2      | Reached skill level 1 in Polearms
   949 | D:2      | Reached skill level 1 in Staves
   949 | D:2      | Reached skill level 1 in Ranged Weapons
   949 | D:2      | Reached skill level 1 in Throwing
   949 | D:2      | Reached skill level 1 in Armour
   949 | D:2      | Reached skill level 1 in Stealth
   949 | D:2      | Reached skill level 1 in Shields
   949 | D:2      | Reached skill level 1 in Unarmed Combat
   949 | D:2      | Reached skill level 5 in Spellcasting
   949 | D:2      | Reached skill level 1 in Invocations
   949 | D:2      | Reached skill level 1 in Evocations
   949 | D:2      | Reached XP level 3. HP: 4/31 MP: 7/9
  1145 | D:2      | Reached skill level 1 in Shapeshifting
  1145 | D:2      | Reached XP level 4. HP: 35/38 MP: 11/11
  1269 | D:1      | Reached skill level 1 in Hexes
  1269 | D:1      | Reached skill level 1 in Summonings
  1269 | D:1      | Reached skill level 1 in Necromancy
  1269 | D:1      | Reached skill level 1 in Translocations
  1269 | D:1      | Reached skill level 1 in Fire Magic
  1269 | D:1      | Reached skill level 1 in Ice Magic
  1269 | D:1      | Reached skill level 1 in Air Magic
  1269 | D:1      | Reached skill level 1 in Earth Magic
  1269 | D:1      | Reached skill level 1 in Alchemy
  1523 | D:2      | Noticed Natasha
  1538 | D:2      | Killed Natasha
  1539 | D:2      | Reached XP level 5. HP: 30/43 MP: 12/12
  1577 | D:2      | Noticed Natasha
  1587 | D:2      | Killed Natasha
  1634 | D:2      | Identified the +2 whip of Vaoz {spect, rElec rF+ Will-
                  | Dex+5}
  1951 | D:3      | Noticed a phantom
  2394 | D:3      | Killed a phantom
  2395 | D:3      | Reached skill level 5 in Fighting
  2395 | D:3      | Reached skill level 5 in Dodging
  2395 | D:3      | Reached XP level 6. HP: 27/51 MP: 14/14
  2704 | D:4      | Found a staircase to the Ecumenical Temple.
  2716 | Temple   | Entered the Ecumenical Temple
  2736 | Temple   | Became a worshipper of Warmaster Okawaru
  3036 | D:4      | Found a glowing drain.
  3063 | Sewer    | Entered a sewer
  3311 | Sewer    | Reached skill level 7 in Long Blades
  3311 | Sewer    | Reached XP level 7. HP: 49/56 MP: 15/15
  3502 | D:4      | Killed from afar by an orc priest

Illustrated notes

Levels and vault maps discovered:
D:1:      eino_arrival_tree_alley, layout_basic,
          chequers_ecumenical_altar_lobes, serial_shops, shop,
          minmay_parallelograms
D:2:      layout_loops_ring, uniq_natasha
D:3:      layout_basic
D:4:      layout_loops_ring, minmay_temple_entry_statues_pillars,
          portal_sewer_entry_d
Temple:   mainiacjoe_temple_cubbyholes

Skill      XL: |  1  2  3  4  5  6 |
---------------+-------------------+-----
Short Blades   | 1 2 |  2.6
Axes           | 1 2 |  2.6
Maces & Flails | 1 2 |  2.6
Polearms       | 1 2 |  2.6
Staves         | 1 2 |  2.6
Ranged Weapons | 1 2 |  2.6
Throwing       | 1 2 |  2.6
Armour         | 1 2 |  2.6
Stealth        | 1 2 |  2.6
Shields        | 1 2 |  2.6
Unarmed Combat | 1 2 |  2.6
Spellcasting   | 5 |  5.6
Invocations    | 1 2 |  2.9
Evocations     | 1 2 |  2.6
Shapeshifting  | 1 2 |  2.3
Hexes          | 1 2 |  2.1
Summonings     | 1 2 |  2.1
Necromancy     | 1 2 |  2.1
Translocations | 1 2 |  2.1
Fire Magic     | 1 2 |  2.1
Ice Magic      | 1 2 |  2.1
Air Magic      | 1 2 |  2.1
Earth Magic    | 1 2 |  2.1
Alchemy        | 1 2 |  2.1
Fighting       | 5 |  5.3
Dodging        | 5 |  5.3
Long Blades    | 7 |  7.1
Conjurations   | |  5.9

Action                     |  1- 3 |  4- 6 |  7- 9 || total
---------------------------+-------+-------+-------++-------
  Melee: Falchion          |    74 |    40 |       ||   114
         Bite              |     7 |    29 |     1 ||    37
         Punch             |       |     1 |       ||     1
         Whip              |       |   218 |    20 ||   238
   Stab: Sleeping          |       |     4 |     2 ||     6
 Armour: Leather armour    |    33 |   137 |     9 ||   179
  Dodge: Dodged            |    40 |   190 |     3 ||   233
  Block: Buckler           |       |    35 |     2 ||    37

Table legend: (Time is in decaauts)
 A = Elapsed time spent in this place.
 B = Non-inter-level travel time spent in this place.
 C = Inter-level travel time spent in this place.
 D = Time resting spent in this place.
 E = Time spent auto-exploring this place.
 F = Levels seen in this place.
 G = Mean time per level.
                   A        B        C        D        E       F      G
               +--------+--------+--------+--------+--------+-----+--------+
         Total |   3567 |   3422 |    145 |    253 |   1813 |   6 |  594.5 |
       Dungeon |   3214 |   3086 |    128 |    253 |   1813 |   4 |  803.5 |
        Temple |     38 |     21 |     17 |      0 |      0 |   1 |   38.0 |
         Sewer |    315 |    315 |      0 |      0 |      0 |   1 |  315.0 |
               +--------+--------+--------+--------+--------+-----+--------+

Top non-repeatable levels by time:
     D:2: 1088 daAuts
     D:1: 886 daAuts
     D:3: 727 daAuts
     D:4: 512 daAuts
   Sewer: 315 daAuts
  Temple: 38 daAuts
